 Dungeon Crawl Stone Soup version 0.20.0 (webtiles) character file.

944467 Llamajah the Conqueror (level 27, -3/272 (273) HPs)
             Began as a Minotaur Fighter on July 24, 2017.
             Was the Champion of Okawaru.
             Killed by divine providence
             ... invoked by a greater mummy
              (11 damage)
             ... on level 3 of the Tomb of the Ancients on July 25, 2017.
             The game lasted 07:19:33 (97002 turns).

Llamajah the Conqueror (Minotaur Fighter)          Turns: 97002, Time: 07:19:33

HP:   -3/272 (273)  AC: 51    Str: 31    XL:     27
MP:   55/61         EV: 22    Int: 18    God:    Okawaru [******]
Gold: 5911          SH: 31    Dex: 14    Spells: 51/53 levels left

rFire    + . .     SeeInvis +   U - +10 broad axe "Giantslayer" {holy, Int+3}
rCold    + . .     Gourm    .   w - +3 large shield of Douna Uneicu {rElec rPois rCorr}
rNeg     + + +     Faith    .   M - +9 scales of the Dragon King {rPois rF+ rC+ MR+}
rPois    +         Spirit   .   (helmet unavailable)
rElec    +         Reflect  .   F - +2 cloak {+Inv}
rCorr    +         Harm     .   H - +5 pair of gloves "Qoiph" {rElec rN+ Dex-3 SInv}
MR       +++++     Clarity  +   G - +2 pair of boots {run}
Stlth    ..........             m - amulet of the Four Winds {rN+ MR+++ Clar}
Regen    0.0/turn               j - ring of Ililaste {*Contam *Drain MP+9 Int+10 Slay+5}
MPRegen  0.4/turn               W - ring "Hanoseko" {*Contam rN+ MR+ MP+9 Dex+4}

@: lethally poisoned (-3 -> -21), silence (expiring), non-regenerating,
diseased, slowed, very slow
A: retaliatory headbutt, horns 3, high mp 1, evolution 1, MP-powered wands
}: 4/15 runes: barnacled, slimy, silver, gossamer
a: Renounce Religion, Evoke Invisibility


You were on level 3 of the Tomb of the Ancients.
You worshipped Okawaru.
Okawaru was exalted by your worship.
You were not hungry.

You visited 13 branches of the dungeon, and saw 61 of its levels.
You visited the Abyss 1 time.
You visited 2 bazaars.
You visited 1 ziggurat, and saw 15 of its levels.
You also visited: Labyrinth, Trove, Ice Cave and Volcano.

You collected 12837 gold pieces.
You spent 6926 gold pieces at shops.

Inventory:

Hand Weapons
 p - a +9 fustibalus of velocity
 T - the +10 war axe "Kewieti" {flame, Str+3 Dex+2}
   (You bought it in a shop on level 10 of the Dungeon)

   It has been specially enchanted to burn those struck by it, causing extra
   injury to most foes and up to half again as much damage against particularly
   susceptible opponents.
   Big, fiery blades are also staple armaments of hydra-hunters.
   It affects your strength (+3).
   It affects your dexterity (+2).
 U - the +10 broad axe "Giantslayer" (weapon) {holy, Int+3}
   (You took it off a deep elf annihilator on level 3 of the Elven Halls)

   It has been blessed by the Shining One to cause great damage to the undead
   and demons.
   It affects your intelligence (+3).
Missiles
 t - 1143 sling bullets
Armour
 w - the +3 large shield of Douna Uneicu (worn) {rElec rPois rCorr}
   (Okawaru gifted it to you on level 4 of the Vaults)

   It insulates you from electricity.
   It protects you from poison.
   It protects you from acid and corrosion.
 F - a +2 cloak of invisibility (worn)
 G - a +2 pair of boots of running (worn)
 H - the +5 pair of gloves "Qoiph" (worn) {rElec rN+ Dex-3 SInv}
   (Okawaru gifted it to you on level 4 of the Depths)

   It affects your dexterity (-3).
   It insulates you from electricity.
   It protects you from negative energy.
   It lets you see invisible.
 M - the +9 scales of the Dragon King (worn) {rPois rF+ rC+ MR+}
   (You found it in a labyrinth)

   It protects you from fire.
   It protects you from cold.
   It protects you from poison.
   It affects your resistance to hostile enchantments.
Jewellery
 j - the ring of Ililaste (left hand) {*Contam *Drain MP+9 Int+10 Slay+5}
   (You found it on level 1 of the Crypt)

   [ring of slaying]

   It affects your intelligence (+10).
   It affects your accuracy and damage with ranged weapons and melee attacks
   (+5).
   It affects your magic capacity (+9).
   It causes magical contamination when unequipped.
   It causes draining when unequipped.
 m - the amulet of the Four Winds (around neck) {rN+ MR+++ Clar}
   (You found it on level 5 of the Pits of Slime)

   [amulet of nothing]

   It protects you from negative energy.
   It affects your resistance to hostile enchantments.
   It protects you against confusion.
 W - the ring "Hanoseko" (right hand) {*Contam rN+ MR+ MP+9 Dex+4}
   (You found it on level 6 of a ziggurat)

   [ring of magical power]

   It affects your dexterity (+4).
   It protects you from negative energy.
   It affects your resistance to hostile enchantments.
   It affects your magic capacity (+9).
   It causes magical contamination when unequipped.
Wands
 a - a wand of clouds (4/9)
 g - a wand of scattershot (6/9)
 i - a wand of acid (14/15)
 n - a wand of acid (8/15)
 q - a wand of digging (21/24)
 P - a wand of acid (7/15)
Scrolls
 b - 3 scrolls of magic mapping
 d - 9 scrolls of fog
 h - 10 scrolls of identify
 s - 36 scrolls of remove curse
 A - 39 scrolls of teleportation
 B - 2 scrolls of silence
 K - 10 scrolls of fear
 R - 7 scrolls of blinking
 V - 4 scrolls of recharging
Potions
 e - 12 potions of brilliance
 k - 33 potions of curing
 l - 4 potions of cancellation
 o - 13 potions of agility
 u - 3 potions of might
 v - 5 potions of magic
 x - a potion of berserk rage
 z - 14 potions of haste
 D - 23 potions of ambrosia
 E - 3 potions of mutation
 I - a potion of heal wounds
 L - 2 potions of resistance
 N - 2 potions of invisibility
 O - 4 potions of flight
Books
 y - a Necronomicon

   Spells                             Type                      Level
   a - Haunt                          Necromancy/Summoning         7
   b - Borgnjor's Revivification      Necromancy                   8
   c - Death's Door                   Charms/Necromancy            8
   d - Infestation                    Necromancy                   8
   e - Necromutation                  Transmutation/Necromancy     8
Miscellaneous
 c - the horn of Geryon
Comestibles
 f - 39 bread rations
 X - 30 meat rations


   Skills:
 O Level 27 Fighting
 O Level 27 Axes
 - Level 20.2 Slings
 O Level 27 Armour
 O Level 27 Dodging
 O Level 27 Shields
 + Level 13.6 Spellcasting
 - Level 11.7 Invocations
 - Level 18.1 Evocations


You had 51 spell levels left.
You knew the following spells:

 Your Spells              Type           Power        Failure   Level  Hunger
a - Blink                 Tloc           N/A          38%         2    None


Dungeon Overview and Level Annotations

Branches:
Dungeon (15/15)            Temple (0/1) D:4            Lair (6/6) D:8
 Shoals (4/4) Lair:4       Spider (4/4) Lair:3        Slime (5/5) Lair:6
    Orc (2/2) D:11            Elf (3/3) Orc:2        Vaults (5/5) D:13
  Crypt (3/3) Vaults:3       Tomb (3/3) Crypt:3      Depths (5/5) D:15
   Hell (1/1)                 Dis (0/7) Hell            Geh (0/7) Hell
    Coc (0/7) Hell            Tar (0/7) Hell            Zot (5/5) Depths:5

Altars:
Ashenzari
Cheibriados
Dithmenos
Fedhas
Gozag
Hepliaklqana
Kikubaaqudgha
Nemelex Xobeh
Okawaru
Qazlal
Ru
Sif Muna
Xom
Yredelemnul
The Shining One
Beogh

Shops:
D:9 *   D:10 ?(}(   D:14 %   Orc:2 %*!*   Elf:1 =   Vaults:1 (*   Vaults:3 *
Vaults:4 *   Vaults:5 }!}!

Portals:
Hell: Depths:1 Depths:2* Depths:3 Depths:4 Depths:5
Abyss: Depths:3 Depths:4 Depths:5
Pandemonium: Depths:3 Depths:4


Innate Abilities, Weirdness & Mutations

You reflexively headbutt those who attack you in melee.
You have a pair of large horns on your head.
You have an increased reservoir of magic. (+10% MP)
You evolve.
You expend magic power (3 MP) to strengthen your wands.


Message History

* * * LOW HITPOINT WARNING * * *
x2 You feel sick.
The soul eater is engulfed in blazing flames.
You kill the soul eater!
The greater mummy is engulfed in blazing flames.
The ushabti shakes and rattles deafeningly!
You block the three-headed hydra skeleton's attack. x2
The three-headed hydra skeleton bites you but does no damage.
The ushabti shakes and rattles.
The vile air hits you!
* * * LOW HITPOINT WARNING * * *
You feel much better.
You are engulfed in dark miasma.
You feel your flesh rotting away!
You feel ill.
* * * LOW HITPOINT WARNING * * *
You feel sick.
The greater mummy is engulfed in blazing flames.
The greater mummy points at you and mumbles some strange words.
Something smites you!
You die...

$$$$))$$..Z3Ms#...M.M#.........$$
$$$$$$$$=.....#......#........$$)
#$$$$$$$$.....'.M.§§§§.§......$:}
##$$$$$[!$....#..(§§M#^...$.$$$):
##$$$$$$$..?.#...§§§#......$,,,,
##$$$$$?...##...§§§##....:),,,,
*#$$$$$[..##.8§§§§#*....$$,,,*
*#$$$$$.###Z[§§§§#*#....$,,**
*#$$$$#* #8@§§§§# *#..)$,**
*####* ######## *####**


You could see 2 greater mummies, 2 ushabtiu and a three-headed hydra skeleton.

Vanquished Creatures
  the Royal Jelly (Slime:5)
  2 pandemonium lords
  6 orbs of fire
  Mennas (Depths:3)
  Mara (Elf:3)
  9 ancient liches
  The ghost of Llamajah the Impregnable, a master MiFi of Okawaru (Vaults:5)
  31 greater mummies
  2 juggernauts
  The ghost of spsoon the Cryomancer, a master BaWz of the Shining One (Crypt:1)
  Boris (Vaults:2)
  Bai Suzhen (Shoals:4)
  Xtahua (Depths:4)
  A curse toe (Zot:2)
  Saint Roka (Depths:4)
  5 caustic shrikes
  14 Killer Klowns
  Geryon (Hell)
  12 golden dragons
  2 profane servitors
  4 bone dragons
  Jory (Vaults:3)
  4 iron giants
  Jorgrun (Depths:3)
  12 liches
  7 electric golems
  20 tentacled monstrosities
  25 Orb Guardians (Zot:5)
  4 Hell Sentinels
  2 deep elf blademasters (Elf:3)
  2 deep elf master archers (Elf:3)
  7 titans
  19 acid blobs
  6 quicksilver dragons
  A shard shrike skeleton (Crypt:1)
  A quicksilver dragon (shapeshifter) (Zig:14)
  19 tentacled starspawn (Abyss:3)
  Polyphemus (Shoals:2)
  14 ancient champions
  Frances (Shoals:1)
  A kraken (Abyss:3)
  12 tengu reavers
  12 sphinxes
  16 shadow dragons
  8 death cobs
  Kirke (Lair:4)
  3 Executioners
  Ilsuiw (Shoals:4)
  Donald (Elf:3)
  A storm dragon (shapeshifter) (Zig:11)
  19 storm dragons
  8 draconian monks
  Agnes (Elf:2)
  13 azure jellies
  6 revenants
  3 shadow dragons (shapeshifter) (Zig:7)
  Roxanne (Spider:2)
  3 iron dragons
  14 frost giants
  10 ghost moths
  16 fire giants
  3 balrugs
  5 draconian knights
  18 vault wardens
  3 deep elf sorcerers (Elf:3)
  A ghost moth (shapeshifter) (Zig:11)
  4 cacodemons
  9 draconian scorchers
  7 emperor scorpions
  Louise (D:15)
  The ghost of enozym the Bludgeoner, a journeyman MiBe of Trog (D:15)
  3 deep elf elementalists
  13 ironheart preservers
  A warmonger (Zig:6)
  11 ghouls
  6 draconian shifters
  9 war gargoyles
  4 curse skulls
  10 draconian stormcallers
  7 reapers
  4 spriggan defenders
  8 draconian annihilators
  25 stone giants
  20 entropy weavers
  38 very ugly things
  A stone giant (shapeshifter) (Zig:7)
  5 deep elf demonologists
  11 bennus
  13 black draconians
  11 green draconians
  Azrael (D:13)
  A black sun (Zig:6)
  11 vampire knights
  16 yellow draconians
  Nessos (Lair:5)
  21 purple draconians
  6 deep elf annihilators
  2 lorocyprocas
  A dire elephant (Lair:6)
  15 spark wasps
  8 red draconians
  17 white draconians
  A dire elephant (shapeshifter) (Depths:3)
  2 green deaths
  5 eidola
  A blizzard demon (Depths:5)
  The ghost of Duelies the Cleaver, a journeyman GrFi of Okawaru (IceCv)
  11 crystal guardians
  14 ettins
  7 merfolk javelineers
  28 mummy priests
  A minotaur (shapeshifter) (Zig:14)
  18 deep elf death magi
  28 jiangshi
  3 death oozes (Slime:5)
  15 fire dragons
  A quicksilver dragon zombie (Tomb:3)
  8 merfolk impalers
  A minotaur (Lab)
  23 yaktaur captains
  6 deep elf high priests
  15 great orbs of eyes
  18 ogre magi
  35 vault guards
  15 ice dragons
  A hydra (shapeshifter) (Depths:4)
  A monstrous demonspawn (Depths:3)
  5 hell beasts
  7 hydras
  An alligator snapping turtle (Shoals:4)
  8 rakshasas
  6 spriggan air magi
  A catoblepas (Shoals:2)
  A catoblepas (shapeshifter) (D:13)
  12 death knights
  15 centaur warriors
  4 merfolk aquamancers
  A merfolk avatar (Lair:6)
  4 satyrs
  An anaconda (shapeshifter) (Vaults:5)
  6 tengu warriors
  22 dancing weapons
  8 death yaks
  50 two-headed ogres
  18 deep troll shamans
  Erica (D:10)
  30 death scarabs
  A titan zombie (Crypt:1)
  16 deep troll earth magi
  13 vampire magi
  3 spriggan berserkers
  8 hell hogs
  4 orc high priests
  A shock serpent (Zig:1)
  24 thrashing horrors
  Urug (D:10)
  10 hell knights
  13 wretched stars
  7 soul eaters
  3 iron golems
  30 deep elf knights
  4 shadow wraiths
  4 spatial maelstroms (Abyss:3)
  11 sun demons
  4 sixfirhies
  A death drake (shapeshifter) (Abyss:3)
  56 skeletal warriors
  8 iron trolls
  7 sea snakes
  A golden dragon zombie (Zig:5)
  An unseen horror (shapeshifter) (Vaults:1)
  2 quicksilver dragon simulacra (Depths:5)
  7 unseen horrors
  11 glowing orange brains
  45 deep trolls
  A glowing orange brain (shapeshifter) (Depths:2)
  16 flayed ghosts
  An anaconda zombie (Abyss:3)
  2 orange crystal statues
  19 deep elf archers
  7 wizards
  A lindwurm (Lair:3)
  18 phantasmal warriors
  25 ironbrand convokers
  A harpy (shapeshifter) (Abyss:3)
  9 necromancers
  28 orb spiders
  A shadow dragon skeleton (Crypt:3)
  21 orc knights
  19 harpies
  A frost giant zombie (Tomb:2)
  A stone giant zombie (Abyss:3)
  A lindwurm (shapeshifter) (Abyss:3)
  23 fauns
  A mana viper (shapeshifter) (Vaults:4)
  2 human zombies
  38 wolf spiders
  7 orc sorcerers
  12 cyclopes
  2 oklob plants
  9 shining eyes
  65 deep elf magi
  11 manticores
  A salamander (Volcano)
  40 large abominations
  41 ugly things
  3 worldbinders
  32 moths of wrath
  A centaur zombie (D:11)
  12 elephants (Lair:6)
  A stone giant skeleton (Vaults:3)
  2 human skeletons
  21 rust devils
  7 merfolk sirens
  2 molten gargoyles
  6 ice statues
  7 apocalypse crabs
  24 smoke demons
  3 black mambas
  3 eyes of devastation
  Maurice (D:13)
  Psyche (D:8)
  A black mamba (shapeshifter) (Vaults:3)
  2 guardian serpents (shapeshifter)
  5 torpor snails
  A shock serpent skeleton (Crypt:2)
  19 vault sentinels
  4 orange demons (Abyss:3)
  6 water nymphs
  8 spiny frogs
  5 gargoyles
  A spiny frog (shapeshifter) (Depths:4)
  2 hellions
  6 rime drakes
  68 yaktaurs
  A purple draconian zombie (Crypt:1)
  A rime drake (shapeshifter) (Abyss:3)
  A purple draconian skeleton (Crypt:1)
  14 ancient zymes
  3 efreet
  4 ice devils
  4 tormentors
  8 komodo dragons
  29 freezing wraiths
  2 polar bears (Lair:4)
  5 hellwings
  2 jumping spiders (shapeshifter)
  A meliai (shapeshifter) (Elf:2)
  9 trolls
  28 demonic crawlers
  3 tengu conjurers
  A troll (shapeshifter) (Depths:3)
  52 guardian mummies
  3 meliai (Spider:4)
  11 red devils
  3 hydra zombies (Hell)
  A white draconian skeleton (Crypt:2)
  A slime creature (shapeshifter) (Abyss:3)
  2 queen bees (shapeshifter)
  30 jumping spiders
  13 hornets
  20 merfolk
  61 slime creatures
  A minotaur skeleton (Lab)
  2 wind drakes
  31 blink frogs
  25 raiju
  11 snapping turtles
  2 hippogriffs (shapeshifter)
  A stone giant simulacrum (Vaults:1)
  An ice dragon zombie (Tomb:1)
  20 dream sheep
  2 ettin zombies
  A fire dragon zombie (Tomb:1)
  A centaur simulacrum (D:15)
  73 flying skulls
  6 hippogriffs
  73 starcursed masses
  10 shadows
  2 fire giant simulacra
  33 small abominations
  An alligator skeleton (Hell)
  4 wyverns
  72 redbacks
  2 vampires
  14 spriggans
  21 water elementals
  3 air elementals
  28 tarantellas
  38 yaks
  A hog (shapeshifter) (D:15)
  A redback (shapeshifter) (Elf:3)
  15 ushabtiu
  A yak (shapeshifter) (Depths:2)
  2 fire bats (shapeshifter)
  9 fire bats
  20 wraiths
  3 ettin skeletons
  2 humans (shapeshifter)
  8 ynoxinuls
  A basilisk (shapeshifter) (Depths:2)
  14 fire elementals
  7 hogs
  A wyvern (shapeshifter) (Vaults:2)
  A human (D:7)
  6 golden eyes
  A hungry ghost (Abyss:2)
  13 neqoxecs
  5 vampire mosquitoes
  The ghost of Llamajah the Shield-Bearer, an amateur FoFi (D:3)
  Grum (D:8)
  7 chaos spawn
  A golden eye (shapeshifter) (Abyss:3)
  A tyrant leech zombie (Crypt:1)
  2 basilisks
  3 spatial vortices (Abyss:3)
  2 swamp worms (shapeshifter)
  3 insubstantial wisps (Abyss:3)
  A soldier ant (D:15)
  25 wargs
  A soldier ant (shapeshifter) (Vaults:5)
  4 acid dragons
  Duvessa (D:6)
  12 water moccasins
  7 porcupines
  16 hell hounds
  A monstrous demonspawn skeleton (Tomb:3)
  83 orc warriors
  A spiny frog zombie (Hell)
  A floating eye (Depths:2)
  A deep troll skeleton (Vaults:1)
  2 spiny frog skeletons
  A floating eye (shapeshifter) (Depths:3)
  A black bear (shapeshifter) (Depths:4)
  3 ettin simulacra
  17 ice beasts
  A fire dragon simulacrum (Crypt:3)
  5 phantoms
  An alligator simulacrum (Hell)
  4 sky beasts
  5 eyes of draining
  A hornet zombie (D:15)
  17 centaurs
  45 ogres
  A snapping turtle skeleton (Tomb:2)
  21 wolves
  8 boggarts
  7 necrophages
  16 crocodiles
  An elf skeleton (Vaults:3)
  An orc skeleton (Vaults:1)
  2 crocodiles (shapeshifter) (Depths:3)
  2 big kobolds
  A hippogriff zombie (Crypt:2)
  9 earth elementals
  16 bullfrogs
  2 wyvern zombies
  Dowan (D:6)
  A spiny frog simulacrum (Hell)
  A water moccasin zombie (D:6)
  A water moccasin skeleton (D:12)
  4 scorpions
  A swamp dragon simulacrum (Abyss:3)
  57 killer bees
  3 electric eels
  4 howler monkeys
  19 wights
  A yak skeleton (Crypt:2)
  A troll skeleton (Crypt:1)
  14 crimson imps
  A demonspawn zombie (Crypt:1)
  6 quasits
  3 bullfrog zombies
  A basilisk zombie (Crypt:2)
  5 jellies
  3 bullfrog skeletons
  31 orc priests
  2 centaur skeletons
  10 hounds
  25 orc wizards
  6 iron imps
  An iguana (D:5)
  11 hell rats (Hell)
  8 worker ants
  A sky beast zombie (Crypt:2)
  2 hound skeletons
  53 mummies
  A howler monkey zombie (Crypt:2)
  Robin (D:2)
  3 gnolls (D:11)
  10 adders
  12 shadow imps
  5 white imps
  4 ufetubi (Abyss:3)
  2 oozes
  2 adder skeletons
  An adder zombie (D:7)
  3 worms
  3 leopard geckos
  160 orcs
  13 bats
  4 giant cockroaches
  23 goblins
  11 hobgoblins
  4 jackals
  22 kobolds
  5 quokkas
  4 frilled lizards
  A gnoll skeleton (Crypt:1)
  A hobgoblin zombie (D:6)
  A jackal skeleton (D:6)
  2 kobold zombies (D:6)
  2 leopard gecko zombies
  An orc zombie (D:6)
  8 rats
  7 crawling corpses
  2 fungi
  A lurking horror (Abyss:3)
  13 plants
  11 starspawn tentacles (Abyss:3)
  3 tentacles (Abyss:3)
4071 creatures vanquished.

Vanquished Creatures (collateral kills)
  An entropy weaver (Zig:13)
  A spark wasp (Zig:13)
  A torpor snail (Zig:13)
  4 jumping spiders (Zig:13)
  A redback (Zig:13)
  A tarantella (Zig:13)
9 creatures vanquished.

Vanquished Creatures (others)
  A caustic shrike (Zig:12)
  Asterion (Vaults:3)
  2 ancient champions (Tomb:2)
  A war gargoyle (Zig:12)
  A bennu (Tomb:3)
  A deep troll shaman (Depths:1)
  5 death scarabs (Tomb:2)
  A thrashing horror (Abyss:3)
  2 skeletal warriors (Tomb:2)
  A deep elf knight (Zig:11)
  A sixfirhy (Abyss:3)
  A guardian mummy (Tomb:3)
  7 flying skulls
  An air elemental (Depths:5)
  An ushabti (Tomb:1)
  A floating eye (Depths:5)
  2 ogres
  An orc warrior (Vaults:5)
  2 ettin simulacra (Depths:5)
  2 centaurs (Volcano)
  An orc wizard (Vaults:1)
  A lightning spire (Zig:6)
  3 mummies (Tomb:2)
  A fungus (Lair:2)
  2 lurking horrors (Abyss:3)
  41 plants
  39 starspawn tentacles (Abyss:3)
  6 tentacles (Abyss:3)
129 creatures vanquished.

Grand Total: 4209 creatures vanquished

Notes
Turn   | Place    | Note
-------+----------+-------------------------------------------
     0 | D:1      | Llamajah the Minotaur Fighter began the quest for the Orb.
     0 | D:1      | Reached XP level 1. HP: 19/19 MP: 0/0
    93 | D:1      | Reached XP level 2. HP: 19/26 MP: 1/1
   189 | D:1      | Reached skill level 1 in Dodging
   360 | D:1      | Reached XP level 3. HP: 32/33 MP: 2/2
   643 | D:2      | Noticed Robin
   666 | D:2      | Killed Robin
  1010 | D:2      | Found an iron altar of Okawaru.
  1010 | D:2      | Found a sacrificial altar of Ru.
  1012 | D:2      | Found a shattered altar of Ashenzari.
  1012 | D:2      | Found an ancient bone altar of Kikubaaqudgha.
  1013 | D:2      | Found a shadowy altar of Dithmenos.
  1013 | D:2      | Found a hazy altar of Hepliaklqana.
  1013 | D:2      | Found a stormy altar of Qazlal.
  1013 | D:2      | Found a sparkling altar of Nemelex Xobeh.
  1018 | D:2      | Reached XP level 4. HP: 40/40 MP: 3/3
  1021 | D:2      | Became a worshipper of Warmaster Okawaru
  1230 | D:2      | Found a glowing golden altar of the Shining One.
  1603 | D:3      | Noticed Llamajah's ghost (amateur FoFi)
  2229 | D:3      | Killed Llamajah's ghost
  2229 | D:3      | Reached skill level 5 in Armour
  2229 | D:3      | Reached skill level 5 in Shields
  2229 | D:3      | Reached XP level 5. HP: 37/46 MP: 4/4
  2401 | D:4      | Found a staircase to the Ecumenical Temple.
  2444 | D:4      | Reached XP level 6. HP: 46/52 MP: 5/5
  2505 | D:4      | Reached skill level 1 in Slings
  2527 | D:4      | Reached * piety under Okawaru
  2767 | D:4      | Found an iron altar of Okawaru.
  3118 | D:5      | Entered Level 5 of the Dungeon
  3491 | D:5      | Reached XP level 7. HP: 37/60 MP: 6/6
  3817 | D:6      | Found a snail-covered altar of Cheibriados.
  3978 | D:6      | Reached ** piety under Okawaru
  3978 | D:6      | Reached skill level 5 in Fighting
  4282 | D:6      | Noticed Dowan
  4283 | D:6      | Noticed Duvessa
  4295 | D:6      | Killed Duvessa
  4308 | D:6      | Killed Dowan
  4308 | D:6      | Reached XP level 8. HP: 28/68 MP: 4/7
  4772 | D:6      | Reached *** piety under Okawaru
  4872 | D:7      | Reached skill level 5 in Dodging
  4919 | D:7      | Reached **** piety under Okawaru
  5086 | D:7      | Reached skill level 5 in Axes
  5125 | D:7      | Noticed an orc knight
  5131 | D:7      | Noticed an orc knight
  5335 | D:6      | Killed an orc knight
  5335 | D:6      | Reached XP level 9. HP: 28/75 MP: 6/8
  6570 | D:6      | Killed an orc knight
  6570 | D:6      | Received a gift from Okawaru
  7169 | D:7      | Noticed a two-headed ogre
  7176 | D:7      | Killed a two-headed ogre
  7176 | D:7      | Reached ***** piety under Okawaru
  7182 | D:7      | Reached skill level 5 in Slings
  7191 | D:7      | Reached XP level 10. HP: 82/84 MP: 9/9
  7346 | D:7      | Found a shattered altar of Ashenzari.
  7876 | D:7      | Received a gift from Okawaru
  8391 | D:7      | Reached skill level 10 in Armour
  8858 | D:8      | Noticed Psyche
  8867 | D:8      | Killed Psyche
  8867 | D:8      | Reached skill level 10 in Shields
  8886 | D:8      | Noticed a two-headed ogre
  8895 | D:8      | Killed a two-headed ogre
  9025 | D:8      | Reached XP level 11. HP: 94/94 MP: 10/10
  9174 | D:8      | Found a staircase to the Lair.
  9407 | D:8      | Noticed Grum
  9439 | D:8      | Killed Grum
  9940 | D:9      | Found a roughly hewn altar of Beogh.
 10147 | D:9      | Noticed a two-headed ogre
 10152 | D:9      | Killed a two-headed ogre
 10159 | D:9      | Received a gift from Okawaru
 10179 | D:9      | Got a bloodstained chain mail {god gift}
 10196 | D:9      | Got a crystal short sword
 10234 | D:9      | Identified the +4 short sword "Dragon's Tongue" {drain, *Drain +Inv rElec Int+10} (You found it on level 9 of the Dungeon)
 10254 | D:9      | Identified the +6 chain mail of Dyutin {rElec MP-9 Str+5 Stlth+} (Okawaru gifted it to you on level 9 of the Dungeon)
 10387 | D:9      | Found Xif Tupa's Island Escapes.
 10530 | D:9      | Noticed a two-headed ogre
 10538 | D:9      | Killed a two-headed ogre
 11086 | D:10     | Entered Level 10 of the Dungeon
 11094 | D:10     | Noticed Erica
 11114 | D:10     | Killed Erica
 11114 | D:10     | Reached ****** piety under Okawaru
 11324 | D:10     | Found Reoluver's Magic Scroll Shoppe.
 11335 | D:10     | Bought a scroll of enchant weapon for 120 gold pieces
 11335 | D:10     | Bought a scroll of enchant armour for 120 gold pieces
 11576 | D:10     | Found Zal Witt's Weapon Shop.
 11691 | D:10     | Reached skill level 1 in Invocations
 12042 | D:10     | Noticed Urug
 12070 | D:10     | Killed Urug
 12505 | D:10     | Found Nuurchor's Antique Weapon Emporium.
 12510 | D:10     | Bought an iridescent war axe for 221 gold pieces
 12510 | D:10     | Identified the +10 war axe "Kewieti" {flame, Str+3 Dex+2} (You bought it in a shop on level 10 of the Dungeon)
 12514 | D:10     | Found Naka Fosm's Gadget Shoppe.
 12762 | Lair:1   | Entered Level 1 of the Lair of Beasts
 12888 | Lair:1   | Received a gift from Okawaru
 12957 | Lair:1   | Found a labyrinth entrance.
 12966 | Lab      | Entered a labyrinth
 12997 | Lab      | Reached XP level 12. HP: 104/104 MP: 12/12
 13531 | Lab      | Noticed a minotaur
 13541 | Lab      | Killed a minotaur
 13541 | Lab      | Reached skill level 10 in Dodging
 13563 | Lab      | Got a pair of warped gloves
 13575 | Lab      | Identified the cursed -2 pair of gloves "Upenaix" {Str+4 Int+3} (You found it in a labyrinth)
 13682 | Lair:1   | Noticed a six-headed hydra
 13689 | Lair:1   | Killed a three-headed hydra
 14295 | Lair:2   | Noticed an eight-headed hydra
 14307 | Lair:2   | Killed a four-headed hydra
 14657 | Lair:2   | Found a frozen archway.
 14668 | Lair:2   | Received a gift from Okawaru
 14709 | Lair:2   | Received a gift from Okawaru
 14742 | IceCv    | Entered an ice cave
 15018 | IceCv    | Noticed Duelies's ghost (journeyman GrFi)
 15025 | IceCv    | Reached XP level 13. HP: 79/112 MP: 15/15
 15044 | IceCv    | Killed Duelies's ghost
 15044 | IceCv    | Received a gift from Okawaru
 15639 | Lair:2   | Reached skill level 10 in Fighting
 16145 | Lair:3   | Found a dark tunnel.
 16152 | Lair:3   | Received a gift from Okawaru
 16189 | Volcano  | Entered a volcano
 16233 | Volcano  | Received a gift from Okawaru
 16566 | Lair:3   | Found a hole to the Spider Nest.
 17389 | Lair:4   | Noticed Kirke
 17402 | Lair:4   | Killed Kirke
 17493 | Lair:4   | Reached skill level 5 in Invocations
 17820 | Lair:4   | Found a staircase to the Shoals.
 18277 | Lair:5   | Received a gift from Okawaru
 18454 | Lair:5   | Received a gift from Okawaru
 18613 | Lair:5   | Noticed Nessos
 18628 | Lair:5   | Killed Nessos
 18628 | Lair:5   | Reached XP level 14. HP: 110/122 MP: 15/17
 19132 | Lair:6   | Entered Level 6 of the Lair of Beasts
 19138 | Lair:6   | Received a gift from Okawaru
 19198 | Lair:6   | Received a gift from Okawaru
 19264 | Lair:6   | Got a smelly scale mail {god gift}
 19275 | Lair:6   | Identified the +3 scale mail of Vanity {rElec Regen+} (Okawaru gifted it to you on level 6 of the Lair of Beasts)
 19495 | Lair:6   | Reached skill level 10 in Axes
 19665 | Lair:6   | Received a gift from Okawaru
 19785 | Lair:6   | Found a staircase to the Slime Pits.
 19984 | Lair:6   | Got a jewelled hunting sling
 19985 | Lair:6   | Identified the +5 hunting sling "Umocw" {velocity, rN+ Int+3 Dex+4} (You found it on level 6 of the Lair of Beasts)
 20484 | D:11     | Found a flickering gateway to a bazaar.
 20556 | Bazaar   | Entered a bazaar
 20570 | Bazaar   | Found Odwets's Book Emporium.
 20629 | Bazaar   | Found Mowal's Gadget Emporium.
 20684 | Bazaar   | Found Nusor's Jewellery Emporium.
 20747 | Bazaar   | Found Ajuleoll's Jewellery Boutique.
 20846 | Bazaar   | Bought a +6 amulet of reflection for 702 gold pieces
 21049 | D:11     | Found a staircase to the Orcish Mines.
 21490 | Orc:1    | Entered Level 1 of the Orcish Mines
 21594 | Orc:2    | Entered Level 2 of the Orcish Mines
 22010 | Orc:2    | Noticed a stone giant
 22025 | Orc:2    | Killed a stone giant
 22260 | Orc:2    | Found a staircase to the Elven Halls.
 22383 | Orc:2    | Found a roughly hewn altar of Beogh.
 22820 | Orc:2    | Reached XP level 15. HP: 115/130 MP: 18/18
 22827 | Orc:2    | Received a gift from Okawaru
 22827 | Orc:2    | Reached skill level 15 in Armour
 23512 | Orc:2    | Received a gift from Okawaru
 23745 | Orc:2    | Found Fedar's Assorted Antiques.
 23745 | Orc:2    | Found Awkimp's Distillery.
 23746 | Orc:2    | Found Oxeroatu's Assorted Antiques.
 23746 | Orc:2    | Found Cosoh's Food Shop.
 23789 | Orc:2    | Received a gift from Okawaru
 23803 | Orc:2    | Identified a +2 pair of boots of running (Okawaru gifted it to you on level 2 of the Orcish Mines)
 23873 | Orc:2    | Bought 2 potions of agility for 104 gold pieces
 23873 | Orc:2    | Bought a potion of heal wounds for 65 gold pieces
 23873 | Orc:2    | Bought a potion of heal wounds for 65 gold pieces
 23887 | Orc:2    | Bought a scroll of enchant weapon for 195 gold pieces
 23887 | Orc:2    | Bought a potion of mutation for 208 gold pieces
 23887 | Orc:2    | Bought a steel ring for 130 gold pieces
 23887 | Orc:2    | Bought a scroll of blinking for 195 gold pieces
 23887 | Orc:2    | Bought a potion of curing for 78 gold pieces
 23887 | Orc:2    | Bought a coral ring for 130 gold pieces
 23887 | Orc:2    | Bought a scroll of identify for 52 gold pieces
 24788 | D:13     | Noticed Azrael
 24815 | D:13     | Reached skill level 10 in Slings
 24831 | D:13     | Killed Azrael
 25037 | D:13     | Found a gate to the Vaults.
 25068 | D:13     | Reached skill level 15 in Shields
 25335 | D:13     | Noticed Maurice
 25343 | D:13     | Killed Maurice
 25966 | D:14     | Received a gift from Okawaru
 25969 | D:14     | Got a fine hunting sling {god gift}
 25970 | D:14     | Identified the +5 hunting sling "Mufawn" {speed, Int+7} (Okawaru gifted it to you on level 14 of the Dungeon)
 26287 | D:14     | Got a vibrating amethyst amulet
 26382 | D:14     | Found Sorhaun's Food Emporium.
 26529 | D:15     | Entered Level 15 of the Dungeon
 26537 | D:15     | Found an opulent altar of Gozag.
 26795 | D:15     | Found a staircase to the Depths.
 27064 | D:15     | Noticed enozym's ghost (journeyman MiBe)
 27075 | D:15     | Killed enozym's ghost
 27138 | D:15     | Received a gift from Okawaru
 27174 | D:15     | Noticed Louise
 27298 | D:15     | Killed Louise
 27319 | D:15     | Received a gift from Okawaru
 27808 | D:10     | Bought a scroll of blinking for 120 gold pieces
 27808 | D:10     | Bought a scroll of teleportation for 48 gold pieces
 27808 | D:10     | Bought a scroll of identify for 32 gold pieces
 27808 | D:10     | Bought a scroll of identify for 32 gold pieces
 27808 | D:10     | Bought a scroll of teleportation for 48 gold pieces
 27808 | D:10     | Bought a scroll of identify for 32 gold pieces
 27808 | D:10     | Identified the amulet "Dofeunlo" {Faith SInv} (You found it on level 14 of the Dungeon)
 27918 | Orc:2    | Bought a scroll of fear for 73 gold pieces
 27918 | Orc:2    | Bought a brass ring for 105 gold pieces
 28160 | Shoals:1 | Entered Level 1 of the Shoals
 28178 | Shoals:1 | Reached XP level 16. HP: 129/139 MP: 19/19
 28332 | Shoals:1 | Received a gift from Okawaru
 28579 | Shoals:1 | Received a gift from Okawaru
 28639 | Shoals:1 | Received a gift from Okawaru
 28972 | Shoals:1 | Noticed Frances
 28992 | Shoals:1 | Killed Frances
 29780 | Shoals:2 | Noticed Polyphemus
 29812 | Shoals:2 | Killed Polyphemus
 29812 | Shoals:2 | Received a gift from Okawaru
 30812 | D:10     | Bought a runed fustibalus for 468 gold pieces
 31351 | Shoals:3 | Received a gift from Okawaru
 31880 | Shoals:4 | Entered Level 4 of the Shoals
 31891 | Shoals:4 | Received a gift from Okawaru
 31933 | Shoals:4 | Received a gift from Okawaru
 31976 | Shoals:4 | Reached skill level 15 in Dodging
 32182 | Shoals:4 | Reached XP level 17. HP: 118/149 MP: 20/20
 32357 | Shoals:4 | Noticed Bai Suzhen
 32551 | Shoals:4 | Killed Bai Suzhen
 32686 | Shoals:4 | Noticed Ilsuiw
 32713 | Shoals:4 | Killed Ilsuiw
 32818 | Shoals:4 | Received a gift from Okawaru
 32945 | Shoals:4 | Received a gift from Okawaru
 32950 | Shoals:4 | Got a crude battleaxe {god gift}
 33150 | Shoals:4 | Identified the +11 battleaxe "Orb Guardian's Peril" {speed, rF+} (Okawaru gifted it to you on level 4 of the Shoals)
 33352 | Shoals:4 | Got a barnacled rune of Zot
 33897 | Spider:1 | Entered Level 1 of the Spider Nest
 34459 | Spider:1 | Received a gift from Okawaru
 34760 | Spider:1 | Received a gift from Okawaru
 35099 | Spider:2 | Received a gift from Okawaru
 35595 | Spider:2 | Noticed Roxanne
 35613 | Spider:2 | Killed Roxanne
 36367 | Spider:3 | Received a gift from Okawaru
 36439 | Spider:3 | Reached XP level 18. HP: 144/160 MP: 21/21
 36755 | Spider:3 | Received a gift from Okawaru
 37274 | Spider:3 | Received a gift from Okawaru
 37851 | Spider:4 | Entered Level 4 of the Spider Nest
 38800 | Spider:4 | Received a gift from Okawaru
 39239 | Spider:4 | Received a gift from Okawaru
 39364 | Spider:4 | Received a gift from Okawaru
 39418 | Spider:4 | Got a gossamer rune of Zot
 39842 | Depths:1 | Entered Level 1 of the Depths
 40139 | Depths:1 | Received a gift from Okawaru
 40141 | Depths:1 | Reached skill level 15 in Fighting
 40144 | Depths:1 | Received a gift from Okawaru
 40433 | Depths:1 | Received a gift from Okawaru
 40433 | Depths:1 | Reached XP level 19. HP: 147/170 MP: 22/22
 40970 | Depths:1 | Got a translucent mace
 40971 | Depths:1 | Identified the +0 mace "Hydraslayer" {freeze, Int+3} (You found it on level 1 of the Depths)
 41341 | Depths:1 | Received a gift from Okawaru
 41370 | Depths:1 | Found a gateway to Hell.
 42335 | Depths:2 | Noticed a juggernaut
 42353 | Depths:2 | Killed a juggernaut
 42379 | Depths:2 | Noticed a golden dragon
 42389 | Depths:2 | Killed a golden dragon
 42475 | Depths:2 | Reached skill level 15 in Axes
 42748 | Depths:2 | Received a gift from Okawaru
 42751 | Depths:2 | Got a pair of spiked gloves {god gift}
 42763 | Depths:2 | Identified the +0 pair of gloves "Diociang" {Dex+3} (Okawaru gifted it to you on level 2 of the Depths)
 43248 | Depths:2 | Reached XP level 20. HP: 118/182 MP: 23/23
 43529 | Depths:3 | Noticed Mennas
 43716 | Depths:3 | Killed Mennas
 43781 | Depths:3 | Received a gift from Okawaru
 44220 | Depths:2 | Received a gift from Okawaru
 44492 | Depths:3 | Received a gift from Okawaru
 45161 | Depths:3 | Found a one-way gate leading to the halls of Pandemonium.
 45174 | Depths:3 | Received a gift from Okawaru
 45304 | Depths:3 | Found a runed door.
 45335 | Depths:3 | Found a one-way gate to the infinite horrors of the Abyss.
 45367 | Depths:3 | Received a gift from Okawaru
 45544 | Depths:3 | Noticed a caustic shrike
 45552 | Depths:3 | Killed a caustic shrike
 45676 | Depths:3 | Noticed Jorgrun
 45692 | Depths:3 | Killed Jorgrun
 45694 | Depths:3 | Reached XP level 21. HP: 166/193 MP: 22/24
 46009 | Depths:3 | Got a translucent iron ring
 46067 | Depths:3 | Identified the ring of the Seven Tales {+Fly rPois rF- Str+3 Int+6} (You found it on level 3 of the Depths)
 46160 | Depths:4 | Received a gift from Okawaru
 46163 | Depths:4 | Got a pair of faintly glowing gloves {god gift}
 46215 | Depths:4 | Found a flickering gateway to a bazaar.
 46249 | Bazaar   | Entered a bazaar
 46263 | Bazaar   | Found Ysaceoll's Gadget Shoppe.
 46263 | Bazaar   | Found Tioc Quira's Jewellery Emporium.
 46284 | Bazaar   | Found Kitay's Distillery.
 46284 | Bazaar   | Found Jiseil's Book Emporium.
 46305 | Bazaar   | Found Ihil's Weapon Shoppe.
 46353 | Bazaar   | Bought a manual of Dodging for 1324 gold pieces
 46493 | Depths:4 | Noticed a golden dragon
 46505 | Depths:4 | Killed a golden dragon
 46868 | Depths:4 | Noticed Saint Roka
 46875 | Depths:4 | Received a gift from Okawaru
 46888 | Depths:4 | Killed Saint Roka
 47025 | Depths:4 | Noticed Xtahua
 47039 | Depths:4 | Killed Xtahua
 47054 | Depths:4 | Identified the +5 pair of gloves "Qoiph" {rElec rN+ Dex-3 SInv} (Okawaru gifted it to you on level 4 of the Depths)
 47206 | Depths:4 | Found a gateway to a ziggurat.
 47357 | Depths:4 | Noticed a golden dragon
 47370 | Depths:4 | Killed a golden dragon
 47683 | Depths:4 | Received a gift from Okawaru
 47711 | Depths:4 | Noticed a caustic shrike
 47723 | Depths:4 | Killed a caustic shrike
 47768 | Depths:4 | Received a gift from Okawaru
 47768 | Depths:4 | Reached XP level 22. HP: 144/204 MP: 22/25
 47851 | Depths:4 | Noticed a caustic shrike
 47921 | Depths:3 | Killed a caustic shrike
 48451 | Depths:4 | Noticed a juggernaut
 48451 | Depths:4 | Noticed a caustic shrike
 48464 | Depths:4 | Killed a caustic shrike
 48464 | Depths:4 | Received a gift from Okawaru
 48471 | Depths:4 | Killed a juggernaut
 48471 | Depths:4 | Received a gift from Okawaru
 48488 | Depths:4 | Identified Hyigovimm's Disquisition on Conjuration
 48916 | Depths:2 | Received a gift from Okawaru
 49472 | Depths:5 | Entered Level 5 of the Depths
 49697 | Depths:5 | Found a shimmering altar of Xom.
 49922 | Depths:5 | Found a blossoming altar of Fedhas.
 50366 | Depths:5 | Noticed a golden dragon
 50386 | Depths:5 | Killed a golden dragon
 50752 | Depths:5 | Received a gift from Okawaru
 51088 | Depths:5 | Found a gate to the Realm of Zot.
 51177 | Depths:5 | Found a hazy altar of Hepliaklqana.
 51253 | Depths:5 | Received a gift from Okawaru
 51253 | Depths:5 | Reached XP level 23. HP: 163/215 MP: 26/26
 51450 | Depths:5 | Received a gift from Okawaru
 51602 | Depths:5 | Found a deep blue altar of Sif Muna.
 52252 | Elf:1    | Entered Level 1 of the Elven Halls
 52576 | Elf:1    | Found Sutaytty's Jewellery Boutique.
 52585 | Elf:1    | Received a gift from Okawaru
 52759 | Elf:1    | Identified the Papyrus of Attacks
 53256 | Elf:2    | Found a runed gate.
 53256 | Elf:2    | Found a runed gate.
 53284 | Elf:2    | Noticed Agnes
 53298 | Elf:2    | Killed Agnes
 53654 | Elf:2    | Found a runed gate.
 54017 | Elf:3    | Entered Level 3 of the Elven Halls
 54136 | Elf:3    | Noticed Mara
 54142 | Elf:3    | Noticed Llamajah's illusion
 54184 | Elf:3    | Noticed Llamajah's illusion
 54206 | Elf:3    | Killed Mara
 54206 | Elf:3    | Received a gift from Okawaru
 54403 | Elf:3    | Got a bone flail {speed}
 54408 | Elf:3    | Identified the +5 flail of Doom {speed, Str+2 Int+3 Dex-5 Stlth+} (You took it off a deep elf mage on level 3 of the Elven Halls)
 54437 | Elf:3    | Received a gift from Okawaru
 54647 | Elf:3    | Noticed Donald
 54677 | Elf:3    | Killed Donald
 55097 | Elf:3    | Received a gift from Okawaru
 55601 | Elf:3    | Got a heavily runed copper ring
 55817 | Elf:3    | Reached XP level 24. HP: 207/225 MP: 26/26
 55850 | Elf:3    | Identified the ring "Cifedwaq" {+Blink rPois EV+2} (You took it off a deep elf master archer on level 3 of the Elven Halls)
 55862 | Elf:3    | Got an ancient broad axe {holy}
 55863 | Elf:3    | Identified the +10 broad axe "Giantslayer" {holy, Int+3} (You took it off a deep elf annihilator on level 3 of the Elven Halls)
 55871 | Elf:3    | Got a twitching glass ring
 55876 | Elf:3    | Got a pair of ichor-stained gloves
 55877 | Elf:3    | Identified the +1 pair of gloves of the Crypt {Dex+4} (You found it on level 3 of the Elven Halls)
 55880 | Elf:3    | Identified the ring "Ahuirere" {rN++ Int+3} (You took it off a deep elf death mage on level 3 of the Elven Halls)
 55997 | Elf:3    | Identified Sif Muna's Disquisition on Lightness and Dark Magic
 56405 | Vaults:1 | Entered Level 1 of the Vaults
 56468 | Vaults:1 | Reached skill level 1 in Evocations
 57077 | Vaults:1 | Received a gift from Okawaru
 57267 | Vaults:1 | Found Naciskue's Antique Weapon Emporium.
 57269 | Vaults:1 | Found Ytzepsev's General Store.
 57275 | Vaults:1 | Bought a scroll of teleportation for 66 gold pieces
 57506 | Vaults:1 | Received a gift from Okawaru
 57540 | Vaults:1 | Found a roughly hewn altar of Beogh.
 57897 | Vaults:2 | Found a portal to a secret trove of treasure.
 57898 | Vaults:2 | Noticed Boris
 57913 | Vaults:2 | Killed Boris
 57913 | Vaults:2 | Received a gift from Okawaru
 58652 | Vaults:2 | Received a gift from Okawaru
 59020 | Vaults:3 | Noticed Asterion
 59043 | Vaults:3 | Noticed Jory
 59046 | Vaults:3 | Killed Asterion
 59071 | Vaults:3 | Killed Jory
 59071 | Vaults:3 | Received a gift from Okawaru
 59082 | Vaults:3 | Received a gift from Okawaru
 59195 | Vaults:3 | Found a staircase to the Crypt.
 59195 | Vaults:3 | Found an ancient bone altar of Kikubaaqudgha.
 59196 | Vaults:3 | Found a basalt altar of Yredelemnul.
 59475 | Vaults:3 | Found Utuanod's General Store.
 59489 | Vaults:3 | Bought a potion of mutation for 144 gold pieces
 59489 | Vaults:3 | Bought a scroll of identify for 36 gold pieces
 59489 | Vaults:3 | Bought a scroll of identify for 36 gold pieces
 60201 | Vaults:4 | Received a gift from Okawaru
 60201 | Vaults:4 | Reached XP level 25. HP: 237/237 MP: 26/26
 60218 | Vaults:4 | Reached skill level 5 in Evocations
 60357 | Vaults:4 | Received a gift from Okawaru
 60360 | Vaults:4 | Got a twisted large shield {god gift}
 60375 | Vaults:4 | Identified the +3 large shield of Douna Uneicu {rElec rPois rCorr} (Okawaru gifted it to you on level 4 of the Vaults)
 60551 | Vaults:4 | Found Ibry's Assorted Antiques.
 60575 | Vaults:4 | Bought a potion of curing for 132 gold pieces
 60575 | Vaults:4 | Bought a small gilded ring for 220 gold pieces
 61771 | Crypt:1  | Entered Level 1 of the Crypt
 62779 | Crypt:1  | Received a gift from Okawaru
 62795 | Crypt:1  | Got a pair of polished gloves {god gift}
 62806 | Crypt:1  | Identified the +2 pair of gloves of the Trees {rC+ MP+9} (Okawaru gifted it to you on level 1 of the Crypt)
 62903 | Crypt:1  | Noticed spsoon's ghost (master BaWz)
 62940 | Crypt:1  | Killed spsoon's ghost
 63017 | Crypt:1  | Got a translucent tin amulet
 63028 | Crypt:1  | Got a wavering steel ring
 63032 | Crypt:1  | Identified the ring of Ililaste {*Contam *Drain MP+9 Int+10 Slay+5} (You found it on level 1 of the Crypt)
 63034 | Crypt:1  | Identified the amulet "Raots" {+Rage Str+5} (You found it on level 1 of the Crypt)
 63690 | Crypt:3  | Entered Level 3 of the Crypt
 63831 | Crypt:3  | Found a basalt altar of Yredelemnul.
 63945 | Crypt:3  | Reached XP level 26. HP: 250/250 MP: 27/27
 63972 | Crypt:3  | Received a gift from Okawaru
 64347 | Crypt:3  | Received a gift from Okawaru
 64726 | Crypt:3  | Found a staircase to the Tomb.
 66030 | Crypt:3  | Got a smelly plate armour
 66058 | Crypt:3  | Identified the cursed +0 plate armour of Woanuts {Dex+4} (You found it on level 3 of the Crypt)
 66584 | Vaults:1 | Bought a scroll of identify for 44 gold pieces
 66584 | Vaults:1 | Bought a scroll of summoning for 209 gold pieces
 66815 | Vaults:5 | Entered Level 5 of the Vaults
 66887 | Vaults:4 | Received a gift from Okawaru
 66952 | Vaults:4 | Received a gift from Okawaru
 67252 | Vaults:5 | Received a gift from Okawaru
 67398 | Vaults:5 | Noticed Llamajah's ghost (master MiFi)
 67472 | Vaults:5 | Noticed an ancient lich
 67737 | Vaults:4 | Killed an ancient lich
 67778 | Vaults:5 | Got a steaming large shield {god gift}
 67944 | Vaults:4 | Identified the +2 large shield of the Spider Nest {Dex+2} (Okawaru gifted it to you on level 5 of the Vaults)
 68242 | Vaults:5 | Reached XP level 27. HP: 191/261 MP: 28/28
 68259 | Vaults:5 | Received a gift from Okawaru
 68926 | Vaults:5 | Got a warped war axe {chop}
 69141 | Vaults:5 | Found Soazimi's Distillery.
 69141 | Vaults:5 | Found Adajimp's Gadget Shoppe.
 69156 | Vaults:5 | Found Coqasoimo's Distillery.
 69205 | Vaults:5 | Killed Llamajah's ghost
 69317 | Vaults:5 | Identified A Thorough Guide to Magic
 69514 | Vaults:5 | Got a silver rune of Zot
 69900 | Vaults:5 | Found Vamnom's Gadget Shop.
 69972 | Vaults:5 | Bought a potion of haste for 150 gold pieces
 69972 | Vaults:5 | Bought a potion of haste for 150 gold pieces
 69972 | Vaults:5 | Bought a potion of might for 60 gold pieces
 69972 | Vaults:5 | Bought a potion of haste for 150 gold pieces
 69972 | Vaults:5 | Bought a potion of curing for 45 gold pieces
 69972 | Vaults:5 | Bought a potion of heal wounds for 75 gold pieces
 69972 | Vaults:5 | Bought a potion of curing for 45 gold pieces
 69999 | Vaults:5 | Bought a potion of haste for 170 gold pieces
 69999 | Vaults:5 | Bought a potion of magic for 136 gold pieces
 69999 | Vaults:5 | Bought a potion of heal wounds for 85 gold pieces
 69999 | Vaults:5 | Bought a potion of curing for 51 gold pieces
 69999 | Vaults:5 | Bought a potion of heal wounds for 85 gold pieces
 69999 | Vaults:5 | Bought 2 potions of curing for 102 gold pieces
 69999 | Vaults:5 | Bought a potion of agility for 68 gold pieces
 70341 | Lair:1   | Identified the cursed +0 war axe of the Hand {chop, MR+ Str+2 Int+3} (You took it off an orc on level 5 of the Vaults)
 70531 | Slime:1  | Entered Level 1 of the Pits of Slime
 70533 | Slime:1  | Gained mutation: You do not regenerate when monsters are visible. [a shining eye]
 70806 | Slime:4  | Received a gift from Okawaru
 70889 | Slime:5  | Entered Level 5 of the Pits of Slime
 70922 | Slime:5  | Gained mutation: Your spells are a little easier to cast, but a little less powerful. [a shining eye]
 71105 | Slime:5  | Gained mutation: Armour fits poorly on your strangely shaped body. [a shining eye]
 71159 | Slime:5  | Received a gift from Okawaru
 71164 | Slime:5  | Noticed the Royal Jelly
 71178 | Slime:5  | Killed the Royal Jelly
 71178 | Slime:5  | Reached skill level 10 in Evocations
 71534 | Slime:5  | Got a brightly glowing ivory ring
 71546 | Slime:5  | Got a twitching turquoise ring
 71613 | Slime:5  | Got a bloodstained plate armour
 71624 | Slime:5  | Got a shimmering broad axe
 71734 | Slime:5  | Got a slimy rune of Zot
 71743 | Slime:5  | Identified the ring "Noppeb" {Fire +Inv} (You found it on level 5 of the Pits of Slime)
 71745 | Slime:5  | Identified the ring "Gairhousch" {MR+ MP+9} (You found it on level 5 of the Pits of Slime)
 71752 | Slime:5  | Lost mutation: You do not regenerate when monsters are visible. [potion of mutation]
 71752 | Slime:5  | Lost mutation: Your spells are a little easier to cast, but a little less powerful. [potion of mutation]
 71752 | Slime:5  | Lost mutation: Armour fits poorly on your strangely shaped body. [potion of mutation]
 71752 | Slime:5  | Gained mutation: You evolve. [potion of mutation]
 71752 | Slime:5  | Gained mutation: You rapidly evolve. [potion of mutation]
 71752 | Slime:5  | Gained mutation: You have sharp toenails. [potion of mutation]
 71752 | Slime:5  | Gained mutation: Your flesh is heat resistant. (rF+) [potion of mutation]
 71765 | Slime:5  | Identified the +8 plate armour "Yghatt" {rN+ Regen+ Int+4 Stlth-} (You found it on level 5 of the Pits of Slime)
 71775 | Slime:5  | Identified the +4 broad axe of Ruczis {drain, *Drain rElec Int+3} (You found it on level 5 of the Pits of Slime)
 72488 | Depths:1 | Lost mutation: You rapidly evolve. [a cacodemon]
 72498 | Hell     | Entered the Vestibule of Hell
 72498 | Hell     | Noticed Geryon
 72525 | Hell     | Killed Geryon
 72937 | Hell     | Found a gateway to the decaying netherworld of Tartarus.
 72977 | Hell     | Found a gateway to the ashen valley of Gehenna.
 73136 | Hell     | Found a gateway to the freezing wastes of Cocytus.
 73193 | Hell     | Found a gateway to the Iron City of Dis.
 73424 | Zot:1    | Entered Level 1 of the Realm of Zot
 73466 | Zot:1    | Gained mutation: You are covered in fur. (AC +1) [evolution]
 73515 | Zot:1    | Received a gift from Okawaru
 74106 | Zot:2    | Received a gift from Okawaru
 74251 | Zot:2    | Received a gift from Okawaru
 74979 | Vaults:2 | You paid a toll of 21 scrolls of identify to enter a treasure trove
 74980 | Trove    | Entered a treasure trove
 74983 | Trove    | Got a brightly glowing bronze ring
 74987 | Trove    | Got a transparent ivory amulet
 74990 | Trove    | Got a steaming ruby amulet
 74999 | Trove    | Got a coiled granite ring
 75002 | Trove    | Got a steaming lead ring
 75007 | Trove    | Got a warped brass ring
 75024 | Trove    | Identified the amulet "Loxzoliy" {rF++ rN+ Regen+ Str-3} (You found it in a treasure trove)
 75026 | Trove    | Identified the amulet "Pihatren" {Gourm rN++} (You found it in a treasure trove)
 75040 | Trove    | Identified the ring "Zaomeq" {rN+ MR+ Int+4} (You found it in a treasure trove)
 75047 | Trove    | Identified the ring "Acoluto" {rF+ Stlth+} (You found it in a treasure trove)
 75049 | Trove    | Identified the ring "Adghe" {-Tele MR++ AC+1} (You found it in a treasure trove)
 75051 | Trove    | Identified the ring of Reyfich {*Slow rElec rF+ Str+4} (You found it in a treasure trove)
 77057 | Zot:2    | Noticed an orb of fire
 77081 | Zot:2    | Gained mutation: You are dopey. (Int -2) [an orb of fire]
 77097 | Zot:2    | Killed an orb of fire
 77320 | Zot:2    | Received a gift from Okawaru
 78146 | Zot:4    | Reached skill level 10 in Invocations
 78265 | Zot:4    | Lost mutation: You are dopey. (Int -2) [evolution]
 78298 | Zot:4    | Reached skill level 27 in Fighting
 78859 | Zot:5    | Entered Level 5 of the Realm of Zot
 79026 | Zot:5    | Received a gift from Okawaru
 79192 | Zot:5    | Noticed an ancient lich
 79198 | Zot:5    | Received a gift from Okawaru
 79205 | Zot:5    | Noticed an ancient lich
 79221 | Zot:5    | Killed an ancient lich
 79224 | Zot:5    | Killed an ancient lich
 79535 | Zot:5    | Noticed an orb of fire
 79541 | Zot:5    | Noticed an ancient lich
 79555 | Zot:5    | Gained mutation: You are weak. (Str -2) [an orb of fire]
 79558 | Zot:5    | Killed an orb of fire
 79561 | Zot:5    | Killed an ancient lich
 79561 | Zot:5    | Received a gift from Okawaru
 79584 | Zot:5    | Noticed an orb of fire
 79586 | Zot:5    | Gained mutation: Scrolls take you a little longer to read. [an orb of fire]
 79596 | Zot:5    | Gained mutation: Armour fits poorly on your strangely shaped body. [an orb of fire]
 79609 | Zot:5    | Killed an orb of fire
 79751 | Zot:5    | Lost mutation: Scrolls take you a little longer to read. [potion of mutation]
 79751 | Zot:5    | Lost mutation: You are weak. (Str -2) [potion of mutation]
 79751 | Zot:5    | Lost mutation: Armour fits poorly on your strangely shaped body. [potion of mutation]
 79751 | Zot:5    | Lost mutation: Your flesh is heat resistant. (rF+) [potion of mutation]
 79751 | Zot:5    | Gained mutation: You are resistant to hostile enchantments. (MR+) [potion of mutation]
 80110 | Zot:5    | Noticed an orb of fire
 80127 | Zot:5    | Gained mutation: You are frail. (-10% HP) [an orb of fire]
 80129 | Zot:5    | Killed an orb of fire
 80129 | Zot:5    | Received a gift from Okawaru
 80172 | Zot:5    | Noticed an orb of fire
 80187 | Zot:5    | Killed an orb of fire
 80274 | Zot:5    | Noticed an orb of fire
 80280 | Zot:5    | Gained mutation: You are dopey. (Int -2) [an orb of fire]
 80282 | Zot:5    | Gained mutation: Your magical capacity is low. (-10% MP) [an orb of fire]
 80294 | Zot:5    | Gained mutation: You are partially covered in slimy green scales. (AC +2) [an orb of fire]
 80296 | Zot:5    | Killed an orb of fire
 80311 | Zot:5    | Received a gift from Okawaru
 80356 | Zot:5    | Lost mutation: You are frail. (-10% HP) [potion of mutation]
 80356 | Zot:5    | Lost mutation: You have sharp toenails. [potion of mutation]
 80356 | Zot:5    | Lost mutation: Your magical capacity is low. (-10% MP) [potion of mutation]
 80356 | Zot:5    | Gained mutation: You tend to lose your temper in combat. [potion of mutation]
 80356 | Zot:5    | Gained mutation: You are highly resistant to hostile enchantments. (MR++) [potion of mutation]
 80356 | Zot:5    | Lost mutation: You tend to lose your temper in combat. [potion of mutation]
 80356 | Zot:5    | Gained mutation: Your natural rate of healing is unusually fast. [potion of mutation]
 81294 | Depths:3 | Voluntarily entered the Abyss.
 81294 | Abyss:1  | Found a corrupted altar of Lugonu.
 81324 | Abyss:1  | Gained mutation: Potions are less effective at restoring your health. [a neqoxec]
 81604 | Abyss:2  | Received a gift from Okawaru
 81869 | Abyss:3  | Received a gift from Okawaru
 82147 | Abyss:3  | Lost mutation: You are dopey. (Int -2) [a neqoxec]
 82436 | Abyss:3  | Noticed an ancient lich
 82449 | Abyss:3  | Killed an ancient lich
 82511 | Abyss:3  | Found a corrupted altar of Lugonu.
 82548 | Abyss:3  | Gained mutation: You are weak. (Str -2) [a shining eye]
 82619 | Abyss:3  | Noticed an ancient lich
 82625 | Abyss:3  | Killed an ancient lich
 82942 | Abyss:3  | Gained mutation: You tend to lose your temper in combat. [a neqoxec]
 83142 | Abyss:3  | Lost mutation: Potions are less effective at restoring your health. [potion of mutation]
 83142 | Abyss:3  | Lost mutation: You are covered in fur. (AC +1) [potion of mutation]
 83142 | Abyss:3  | Lost mutation: You are weak. (Str -2) [potion of mutation]
 83142 | Abyss:3  | Lost mutation: You are highly resistant to hostile enchantments. (MR++) [potion of mutation]
 83142 | Abyss:3  | Lost mutation: You are partially covered in slimy green scales. (AC +2) [potion of mutation]
 83142 | Abyss:3  | Gained mutation: Your muscles are strong. (Str +2) [potion of mutation]
 83142 | Abyss:3  | Gained mutation: Your magical capacity is low. (-10% MP) [potion of mutation]
 83143 | Abyss:3  | Lost mutation: You are resistant to hostile enchantments. (MR+) [potion of mutation]
 83143 | Abyss:3  | Lost mutation: You evolve. [potion of mutation]
 83143 | Abyss:3  | Lost mutation: Your muscles are strong. (Str +2) [potion of mutation]
 83143 | Abyss:3  | Lost mutation: Your natural rate of healing is unusually fast. [potion of mutation]
 83143 | Abyss:3  | Lost mutation: You tend to lose your temper in combat. [potion of mutation]
 83143 | Abyss:3  | Gained mutation: Your system is resistant to poisons. (rPois) [potion of mutation]
 83302 | Abyss:3  | Received a gift from Okawaru
 83396 | Abyss:3  | Received a gift from Okawaru
 83513 | Abyss:3  | Gained mutation: You are clumsy. (Dex -2) [a shining eye]
 83956 | Abyss:3  | Gained mutation: Potions are less effective at restoring your health. [a neqoxec]
 83957 | Abyss:3  | Gained mutation: You are very clumsy. (Dex -4) [a neqoxec]
 83985 | Abyss:3  | Lost mutation: Your magical capacity is low. (-10% MP) [potion of mutation]
 83985 | Abyss:3  | Lost mutation: You are very clumsy. (Dex -4) [potion of mutation]
 83985 | Abyss:3  | Lost mutation: Potions are poor at restoring your health. [potion of mutation]
 83985 | Abyss:3  | Gained mutation: You are robust. (+10% HP) [potion of mutation]
 84148 | Abyss:3  | Reached skill level 27 in Dodging
 84395 | Abyss:3  | Reached skill level 27 in Axes
 84395 | Abyss:3  | Reached skill level 27 in Armour
 84436 | Abyss:3  | Reached skill level 27 in Shields
 84518 | Abyss:3  | Received a gift from Okawaru
 84641 | Depths:3 | Escaped the Abyss
 85250 | Zig:1    | Entered Level 1 of a ziggurat
 85273 | Zig:2    | Entered Level 2 of a ziggurat
 85597 | Zig:3    | Entered Level 3 of a ziggurat
 85640 | Zig:4    | Entered Level 4 of a ziggurat
 85685 | Zig:4    | Got a transparent pewter amulet
 85689 | Zig:4    | Identified the amulet "Waugh" {Gourm *Drain rElec rC+++ Dex-3} (You found it on level 4 of a ziggurat)
 85705 | Zig:5    | Entered Level 5 of a ziggurat
 85739 | Zig:5    | Got an ancient tin ring
 85955 | Zig:5    | Identified the ring "Aviraid" {rF+ rC++ MR+} (You found it on level 5 of a ziggurat)
 85958 | Zig:6    | Entered Level 6 of a ziggurat
 85965 | Zig:6    | Noticed Deydigu the pandemonium lord
 85974 | Zig:6    | Reached skill level 1 in Spellcasting
 85985 | Zig:6    | Killed Deydigu the pandemonium lord
 86003 | Zig:6    | Got a slimy tin ring
 86011 | Zig:6    | Identified the ring "Hanoseko" {*Contam rN+ MR+ MP+9 Dex+4} (You found it on level 6 of a ziggurat)
 86021 | Zig:7    | Entered Level 7 of a ziggurat
 86039 | Zig:7    | Reached skill level 15 in Slings
 86076 | Zig:7    | Identified the Reference Book on Self-Knowledge and Shape Shifting
 86085 | Zig:8    | Entered Level 8 of a ziggurat
 86133 | Zig:8    | Got an ebony war axe
 86134 | Zig:8    | Identified the +1 war axe of the Sun {chaos, Str+8} (You found it on level 8 of a ziggurat)
 86153 | Zig:9    | Entered Level 9 of a ziggurat
 86166 | Zig:9    | Noticed an ancient lich
 86185 | Zig:9    | Killed an ancient lich
 86204 | Zig:9    | Got a shimmering golden ring
 86241 | Zig:9    | Identified the ring "Ygilat" {rCorr Str+3} (You found it on level 9 of a ziggurat)
 86252 | Zig:10   | Entered Level 10 of a ziggurat
 86429 | Zig:10   | Received a gift from Okawaru
 86447 | Zig:10   | Received a gift from Okawaru
 86484 | Zig:10   | Identified the Catalogue of Feathery Confrontation
 86495 | Zig:10   | Got a scorched bone ring
 86496 | Zig:10   | Identified the ring of Ofrazuuq {rElec MP+9 Str+4 Int-2} (You found it on level 10 of a ziggurat)
 86499 | Zig:11   | Entered Level 11 of a ziggurat
 86790 | Zig:12   | Entered Level 12 of a ziggurat
 87142 | Zig:13   | Entered Level 13 of a ziggurat
 87259 | Zig:13   | Reached skill level 15 in Evocations
 87265 | Zig:13   | Received a gift from Okawaru
 87471 | Zig:13   | Identified the Guide on Shifting Talismans
 87584 | Zig:14   | Entered Level 14 of a ziggurat
 87606 | Zig:14   | Noticed Boomam the pandemonium lord
 87629 | Zig:14   | Killed Boomam the pandemonium lord
 87638 | Zig:14   | Received a gift from Okawaru
 87733 | Zig:14   | Learned a level 2 spell: Blink
 87737 | Zig:15   | Entered Level 15 of a ziggurat
 87766 | Zig:15   | Lost mutation: You are clumsy. (Dex -2) [potion of mutation]
 87766 | Zig:15   | Lost mutation: Your system is resistant to poisons. (rPois) [potion of mutation]
 87766 | Zig:15   | Lost mutation: You are robust. (+10% HP) [potion of mutation]
 87766 | Zig:15   | Gained mutation: You are somewhat resistant to further mutation. [potion of mutation]
 87766 | Zig:15   | Gained mutation: Your system is resistant to poisons. (rPois) [potion of mutation]
 87767 | Zig:15   | Lost mutation: You are somewhat resistant to further mutation. [potion of mutation]
 87767 | Zig:15   | Lost mutation: Your system is resistant to poisons. (rPois) [potion of mutation]
 87767 | Zig:15   | Gained mutation: Your magical capacity is low. (-10% MP) [potion of mutation]
 87767 | Zig:15   | Gained mutation: Your muscles are strong. (Str +2) [potion of mutation]
 87767 | Zig:15   | Gained mutation: You have a pair of large horns on your head. [potion of mutation]
 87767 | Zig:15   | Gained mutation: You are resistant to hostile enchantments. (MR+) [potion of mutation]
 87771 | Zig:15   | HP: 11/273 [??? (4)]
 88616 | Tomb:1   | Entered Level 1 of the Tomb of the Ancients
 88762 | Tomb:1   | Noticed a greater mummy
 89379 | Tomb:1   | Noticed an ancient lich
 89384 | Tomb:1   | Killed an ancient lich
 89428 | Tomb:1   | Reached skill level 10 in Spellcasting
 89628 | Tomb:1   | Noticed an ancient lich
 89638 | Tomb:1   | Killed an ancient lich
 89851 | Tomb:2   | Noticed a greater mummy
 89857 | Tomb:2   | Gained mutation: You are frail. (-10% HP) [a neqoxec]
 89869 | Tomb:2   | Killed a greater mummy
 89874 | Tomb:2   | Received a gift from Okawaru
 89880 | Tomb:2   | Got a pair of dazzling gloves {god gift}
 89889 | Tomb:2   | Noticed a greater mummy
 90329 | Tomb:1   | Killed a greater mummy
 90498 | Tomb:2   | Noticed a greater mummy
 90504 | Tomb:2   | Killed a greater mummy
 90516 | Tomb:2   | Killed a greater mummy
 90529 | Tomb:2   | Noticed a greater mummy
 90915 | Tomb:2   | Killed a greater mummy
 91815 | Tomb:1   | Noticed a greater mummy
 91820 | Tomb:1   | Noticed a greater mummy
 91820 | Tomb:1   | Killed a greater mummy
 91831 | Tomb:1   | Killed a greater mummy
 91981 | Tomb:1   | Noticed a greater mummy
 91988 | Tomb:1   | Killed a greater mummy
 92001 | Tomb:1   | Noticed a greater mummy
 92013 | Tomb:1   | Killed a greater mummy
 92018 | Tomb:1   | Noticed a greater mummy
 92030 | Tomb:1   | Killed a greater mummy
 92138 | Tomb:1   | Noticed a greater mummy
 92145 | Tomb:1   | Killed a greater mummy
 92145 | Tomb:1   | Received a gift from Okawaru
 92153 | Tomb:1   | Noticed a greater mummy
 92177 | Tomb:1   | Killed a greater mummy
 92278 | Tomb:1   | Noticed a greater mummy
 92333 | Tomb:1   | Killed a greater mummy
 92602 | Tomb:1   | Noticed a greater mummy
 92608 | Tomb:1   | Killed a greater mummy
 92624 | Tomb:1   | Noticed a greater mummy
 92638 | Tomb:1   | Killed a greater mummy
 92661 | Tomb:1   | Noticed a greater mummy
 92668 | Tomb:1   | Killed a greater mummy
 92670 | Tomb:1   | Noticed a greater mummy
 92677 | Tomb:1   | Killed a greater mummy
 92678 | Tomb:1   | Noticed a greater mummy
 92690 | Tomb:1   | Killed a greater mummy
 92720 | Tomb:1   | Noticed a greater mummy
 92724 | Tomb:1   | Noticed a greater mummy
 92729 | Tomb:1   | Killed a greater mummy
 92736 | Tomb:1   | Killed a greater mummy
 92740 | Tomb:1   | Noticed a greater mummy
 92745 | Tomb:1   | Noticed a greater mummy
 92750 | Tomb:1   | Killed a greater mummy
 92756 | Tomb:1   | Noticed a greater mummy
 92756 | Tomb:1   | Killed a greater mummy
 92759 | Tomb:1   | Killed a greater mummy
 92764 | Tomb:1   | Noticed a greater mummy
 92766 | Tomb:1   | Noticed a greater mummy
 92771 | Tomb:1   | Killed a greater mummy
 92781 | Tomb:1   | Killed a greater mummy
 92982 | Tomb:1   | Lost mutation: You are resistant to hostile enchantments. (MR+) [potion of mutation]
 92982 | Tomb:1   | Lost mutation: You are frail. (-10% HP) [potion of mutation]
 92982 | Tomb:1   | Lost mutation: You have a pair of large horns on your head. [potion of mutation]
 92982 | Tomb:1   | Lost mutation: Your magical capacity is low. (-10% MP) [potion of mutation]
 92982 | Tomb:1   | Lost mutation: Your muscles are strong. (Str +2) [potion of mutation]
 92982 | Tomb:1   | Gained mutation: You expend magic power (3 MP) to strengthen your wands. [potion of mutation]
 92982 | Tomb:1   | Gained mutation: You have a pair of large horns on your head. [potion of mutation]
 92982 | Tomb:1   | Gained mutation: You evolve. [potion of mutation]
 93224 | Tomb:3   | Entered Level 3 of the Tomb of the Ancients
 93258 | Tomb:3   | Received a gift from Okawaru
 93262 | Tomb:3   | Noticed a greater mummy
 93264 | Tomb:3   | Killed a greater mummy
 93268 | Tomb:3   | Noticed a greater mummy
 93876 | Tomb:3   | Noticed a greater mummy
 93879 | Tomb:3   | Noticed a greater mummy
 93879 | Tomb:3   | Noticed a greater mummy
 93881 | Tomb:3   | Noticed a greater mummy
 93881 | Tomb:3   | Noticed a greater mummy
 94375 | Tomb:2   | Gained mutation: You have an increased reservoir of magic. (+10% MP) [evolution]
 94391 | Tomb:3   | Noticed a greater mummy
 95825 | Lair:1   | Identified the +0 pair of gloves of Gravitas {+Blink Dex+3} (Okawaru gifted it to you on level 2 of the Tomb of the Ancients)
 96994 | Tomb:3   | Killed a greater mummy
 96994 | Tomb:3   | Received a gift from Okawaru
 96995 | Tomb:3   | Killed a greater mummy
 96997 | Tomb:3   | Killed a greater mummy
 96997 | Tomb:3   | Killed a greater mummy
 96997 | Tomb:3   | Killed a greater mummy
 97001 | Tomb:3   | HP: 7/248 [ushabti] (10)]
 97002 | Tomb:3   | Killed from afar by a greater mummy

Skill      XL: |  1  2  3  4  5  6  7  8  9 10 11 12 13 14 15 16 17 18 19 20 21 22 23 24 25 26 27 |
---------------+----------------------------------------------------------------------------------+-----
Shields        | 4 5 6 7 9 10 11 12 13 14 15 16 17 18 19 20 21 22 23 27 | 27.0
Dodging        | 1 2 3 4 5 7 8 9 11 12 13 14 15 16 17 18 19 21 22 23 24 27 | 27.0
Armour         | 4 5 6 8 9 10 11 12 13 14 16 17 18 19 20 21 22 23 27 | 27.0
Axes           | 3 4 5 6 8 9 10 11 12 13 15 16 18 19 20 22 23 27 | 27.0
Fighting       | 4 5 6 8 9 10 11 12 13 14 15 16 17 18 19 20 21 23 24 27 | 27.0
Slings         | 1 2 4 5 6 7 8 9 10 11 12 13 14 20 | 20.2
Invocations    | 2 4 5 6 11 | 11.7
Evocations     | 4 7 8 18 | 18.1
Spellcasting   | 13 | 13.6

Action                   |  1- 3 |  4- 6 |  7- 9 | 10-12 | 13-15 | 16-18 | 19-21 | 22-24 | 25-27 || total
-------------------------+-------+-------+-------+-------+-------+-------+-------+-------+-------++-------
Melee: War axe           |    90 |   135 |   289 |   835 |  1077 |   659 |  1134 |  1182 |     1 ||  5402
       Headbutt          |    10 |    17 |    54 |   172 |   275 |   202 |   359 |   569 |  1353 ||  3011
       Trishula          |       |       |       |       |       |       |     5 |       |       ||     5
       Flail             |       |       |       |       |       |       |       |    78 |       ||    78
       Broad axe         |       |       |       |       |       |       |       |   720 |  4542 ||  5262
 Fire: Hunting sling     |       |       |       |       |    39 |   426 |       |       |       ||   465
       Fustibalus        |       |       |       |       |       |   876 |    48 |    28 |   117 ||  1069
Invok: Heroism           |       |       |     8 |    15 |    14 |     7 |    12 |     6 |     6 ||    68
       Finesse           |       |       |       |       |       |       |       |       |     8 ||     8
Evoke: Wand              |       |       |       |       |       |     1 |       |     1 |     6 ||     8
  Use: Potion            |     1 |     1 |     2 |     5 |     3 |     1 |     3 |     4 |    35 ||    55
       Scroll            |       |       |    10 |    16 |    12 |    15 |     9 |    18 |    50 ||   130
 Stab: Petrified         |       |       |       |       |       |     6 |       |       |       ||     6
       Distracted        |       |       |       |       |       |       |     3 |     3 |     2 ||     8
       Invisible         |       |       |       |       |       |       |       |       |     1 ||     1
  Eat: Chunk             |     1 |     7 |     6 |    19 |    24 |    21 |    24 |    25 |    27 ||   154
       Royal jelly       |       |       |     2 |     7 |     3 |     1 |       |     4 |    22 ||    39
       Fruit             |       |       |     3 |       |     5 |     5 |       |     8 |    20 ||    41
       Meat ration       |       |       |       |       |     1 |     1 |       |       |     6 ||     8
Armor: Scale mail        |    43 |    57 |     4 |       |       |       |       |       |       ||   104
       Plate armour      |       |       |   111 |    52 |       |       |       |       |       ||   163
       Chain mail        |       |       |     7 |   183 |       |       |       |       |       ||   190
       Gold dragon scale |       |       |       |   101 |   345 |   411 |   292 |   362 |  1149 ||  2660
Dodge: Dodged            |    43 |    56 |    71 |   333 |   272 |   370 |   392 |   512 |  1302 ||  3351
Block: Shield            |    49 |    78 |   176 |   609 |    75 |       |       |       |       ||   987
       Large shield      |       |       |       |       |   969 |  1347 |  1189 |  1622 |  4438 ||  9565
